AoeStats
← TmZ_gazolla86

Four Lakes

509165581Analyzed
1v1 RM · 8d ago on Sep 25, 2026· 18m 28s· 2 players
Game mode
Random Map
Map size
Tiny (2 player)
Population
200
Speed
Normal
Resources
Standard
Victory
Conquest
Starting age
Dark Age
Ending age
Imperial Age
RankedLock teamsTeams togetherTeam positionsShared explorationLock speedFull tech treeHidden civsTurbo modeCheats
Victory
Defeat
🇺🇸 Saracens · United States
1217
+15
🇧🇷 Varangians · Brazil
1198
-15
TmZ_gazolla86
7:37 Loom
10:26 Feudal Age
16:12 Castle Age
Age of Saracens
6:07 Loom
6:12 Loom
9:09 Feudal Age
10:18 Double-Bit Axe
12:05 Fletching
13:12 Padded Archer Armor
Connection lost

Rejoining the realm…

Still unreachable

The connection could not be restored.

Session expired

The server has moved on; the page needs a fresh start.